 Dungeon Crawl Stone Soup version 0.20-a0-77-g476458c (webtiles) character file.

1444 sveltemanboy the Archer (level 8, -9/61 HPs)
             Began as a Centaur Hunter on Nov 19, 2016.
             Killed from afar by KristoblXynda's ghost (10 damage)
             ... with a bolt of negative energy
             ... on level 6 of the Dungeon.
             The game lasted 00:16:08 (6634 turns).

sveltemanboy the Archer (Centaur Hunter)            Turns: 6634, Time: 00:16:09

Health: -9/61      AC: 11    Str: 15    XL:     8   Next: 46%
Magic:  8/8        EV:  7    Int: 15    God:
Gold:   284        SH:  0    Dex: 12    Spells: 0 memorised, 7 levels left

rFire  . . .     SeeInvis .     b - +1 shortbow
rCold  . . .     Gourm    .     o - +0 ring mail
rNeg   + . .     Faith    +     (shield currently unavailable)
rPois  .         Spirit   .     (no helmet)
rElec  .         Reflect  .     (no cloak)
rCorr  .         Harm     .     y - +0 pair of gloves
MR     .....                    F - +0 centaur barding
Stlth  ..........               v - amulet of faith
                                (no ring)
                                j - ring of positive energy

@: brilliant, drained, very quick
A: hooves 3, deformed body, speed 2, tough skin 3
a: no special abilities


You were on level 6 of the Dungeon.
You were hungry.

You visited 1 branch of the dungeon, and saw 6 of its levels.

You collected 284 gold pieces.

Inventory:

Hand Weapons
 a - a +2 falchion of electrocution
 b - a +1 shortbow (weapon)
Missiles
 h - 35 arrows (quivered)
Armour
 o - a +0 ring mail (worn)
 y - a +0 pair of gloves (worn)
 F - a +0 centaur barding (worn)
Jewellery
 j - a ring of positive energy (left hand)
 v - an amulet of faith (around neck)
Scrolls
 d - 5 scrolls of enchant armour {unknown}
 e - 2 scrolls of enchant weapon {unknown}
 g - 7 scrolls of remove curse
 l - 5 scrolls of identify {unknown}
 p - a scroll of fog {unknown}
 s - 2 scrolls of amnesia {unknown}
 t - a scroll of magic mapping {unknown}
 x - a scroll of teleportation {unknown}
 B - a scroll of immolation {unknown}
 C - a scroll of blinking {unknown}
Potions
 k - a potion of agility {unknown}
 m - 3 potions of brilliance
 n - 2 potions of resistance {unknown}
 q - a potion of ambrosia {unknown}
 u - a potion of mutation {unknown}
 w - a potion of degeneration {unknown}
 z - 4 potions of curing
 A - a potion of cancellation {unknown}
 D - a potion of might {unknown}
Comestibles
 c - a royal jelly
 f - 3 bread rations
 i - a slice of pizza
 r - 10 fruits
 E - a beef jerky


   Skills:
 - Level 2.0(1.4) Fighting
 * Level 6.1(5.5) Long Blades
 + Level 8.9(8.3) Bows
 + Level 1.8(1.2) Armour
 - Level 4.0(3.4) Dodging
 - Level 0.4(0.0) Stealth


You had 7 spell levels left.
You didn't know any spells.

Dungeon Overview and Level Annotations

Branches:
Dungeon (6/15)
 Temple: D:4-7

Altars:
Dithmenos
Elyvilon
Fedhas
Gozag
Nemelex Xobeh
Qazlal
Uskayaw
Xom
Yredelemnul
Zin

Annotations:
D:6 KristoblXynda's ghost, novice DrFi; Prince Ribbit


Innate Abilities, Weirdness & Mutations

You have hooves in place of feet.
Armour fits poorly on your strangely shaped body.
You cover ground very quickly.
You have extremely tough skin. (AC +3)


Message History

Press: ? - help, Shift-Dir - straight line, f/p - wyvern skeleton
Aim: a wyvern skeleton (severely damaged)
You shoot an arrow. The arrow hits the wyvern skeleton.
The wyvern skeleton is almost destroyed.
The wyvern skeleton completely misses you.
KristoblXynda's ghost breathes negative energy at you.
The bolt of negative energy hits the wyvern skeleton.
The wyvern skeleton completely resists.
The bolt of negative energy hits you! You partially resist.
You feel drained.
* * * LOW HITPOINT WARNING * * *
It was a potion of brilliance.
You feel clever all of a sudden. The wyvern skeleton bites you.
* * * LOW HITPOINT WARNING * * *
The crimson imp blinks!
KristoblXynda's ghost breathes negative energy at you.
The bolt of negative energy hits the wyvern skeleton.
The wyvern skeleton completely resists.
The bolt of negative energy hits you! You partially resist.
You feel drained.
You die...

#..........#.######
##
#..........#......#
#.#
#?.(.F....§######.#
##.# # #.....W...(#
#.# #.###.
##########># ##.##
##.#.# #§#
#...#####..# #W#
#........... #Z#
#...#####..# #@#
##### #..#
#........ .....
######### ######


You could see KristoblXynda's ghost and a wyvern skeleton.

Vanquished Creatures
  A hungry ghost (D:4)
  Menkaure (D:6)
  An ice beast (D:6)
  2 ogres
  The ghost of Nuatha the Slasher, an amateur DsGl (D:3)
  A gnoll sergeant (D:5)
  A water moccasin zombie (D:5)
  2 scorpions
  A howler monkey (D:5)
  A centaur zombie (D:5)
  4 hounds
  An orc priest (D:3)
  An orc wizard (D:5)
  Jessica (D:3)
  An iguana (D:4)
  A worker ant (D:4)
  A hound skeleton (D:5)
  A worker ant zombie (D:5)
  Robin (D:4)
  4 gnolls
  8 adders
  3 oozes
  An adder zombie (D:5)
  6 worms
  3 dart slugs
  6 leopard geckos
  16 orcs
  4 bats
  10 giant cockroaches
  24 goblins
  13 hobgoblins
  13 jackals
  12 kobolds
  2 ball pythons
  5 frilled lizards
  A jackal zombie (D:5)
  5 rats
160 creatures vanquished.

Notes
Turn   | Place    | Note
-------+----------+-------------------------------------------
     0 | D:1      | sveltemanboy the Centaur Hunter began the quest for the Orb.
     0 | D:1      | Reached XP level 1. HP: 17/17 MP: 1/1
   430 | D:1      | Reached XP level 2. HP: 24/24 MP: 2/2
   950 | D:1      | Reached XP level 3. HP: 28/29 MP: 3/3
  1575 | D:2      | Found a shimmering altar of Xom.
  1578 | D:2      | Reached skill level 1 in Armour
  1631 | D:2      | Reached skill level 6 in Bows
  1784 | D:2      | Reached XP level 4. HP: 23/36 MP: 4/4
  2107 | D:2      | Found a stormy altar of Qazlal.
  2113 | D:2      | Found a sparkling altar of Nemelex Xobeh.
  2201 | D:2      | Found a hide-covered altar of Uskayaw.
  2261 | D:2      | Reached skill level 1 in Long Blades
  2360 | D:3      | Reached XP level 5. HP: 32/41 MP: 5/5
  2676 | D:3      | HP: 2/41 [orc/club (3)]
  2857 | D:3      | Noticed Nuatha's ghost (amateur DsGl)
  2874 | D:3      | Killed Nuatha's ghost
  2874 | D:3      | Reached XP level 6. HP: 20/48 MP: 6/6
  3105 | D:3      | Noticed Jessica
  3114 | D:3      | Killed Jessica
  3114 | D:3      | Reached skill level 7 in Bows
  3878 | D:4      | Found a blossoming altar of Fedhas.
  3878 | D:4      | Found a basalt altar of Yredelemnul.
  3880 | D:4      | Found an opulent altar of Gozag.
  3981 | D:4      | Noticed Robin
  4031 | D:4      | Killed Robin
  4304 | D:4      | Reached XP level 7. HP: 55/55 MP: 7/7
  4421 | D:4      | Found a glowing silver altar of Zin.
  4546 | D:4      | Noticed a hungry ghost
  4558 | D:4      | Killed a hungry ghost
  5036 | D:5      | Entered Level 5 of the Dungeon
  5116 | D:5      | Found a shadowy altar of Dithmenos.
  5184 | D:5      | Reached skill level 5 in Long Blades
  5184 | D:5      | Reached skill level 8 in Bows
  5381 | D:5      | Reached XP level 8. HP: 40/61 MP: 8/8
  5949 | D:5      | Found a white marble altar of Elyvilon.
  6379 | D:6      | Found Zanukh's Jewellery Shoppe.
  6484 | D:6      | Noticed Menkaure
  6493 | D:6      | Killed Menkaure
  6570 | D:6      | Noticed Prince Ribbit
  6604 | D:6      | Noticed KristoblXynda's ghost (novice DrFi)
  6634 | D:6      | HP: 1/61 [wyvern skeleton (6)]
  6634 | D:6      | Killed from afar by KristoblXynda's ghost

Vault maps used:
D:1:      lightli_arrival_flooded_house, minmay_tetromino_l4
D:2:      lemuel_doored_altar, lemuel_crystal_altar, minitemple
D:3:      cheibrodos_gnoll_hut, uniq_jessica
D:4:      nicolae_overflow_quartered_altars, first_bread, minmay_hedge_maze,
          uniq_robin
D:5:      grunt_dithmenos_smoke_and_mirrors, st_stairs_8, elyvilon_altar_1
D:6:      lemuel_crystal_altar, serial_shops, shop, kennysheep_windowed_goal,
          uniq_prince_ribbit1, uniq_menkaure, uniq_blork_the_orc

Skill      XL: |  1  2  3  4  5  6  7  8 |
---------------+-------------------------+-----
Dodging        | 2 3 4 |  4.0
Armour         | 1 |  1.8
Bows           | 6 7 8 |  8.9
Long Blades    | 1 3 5 6 |  6.1
Fighting       | |  2.0
Stealth        | |  0.4

Action                   |  1- 3 |  4- 6 |  7- 9 || total
-------------------------+-------+-------+-------++-------
Melee: Unarmed           |    31 |       |       ||    31
       Kick              |    32 |    32 |    26 ||    90
       Short sword       |    79 |       |       ||    79
       Falchion          |    27 |   141 |    88 ||   256
 Fire: Shortbow          |    45 |   123 |   129 ||   297
  Use: Potion            |       |     2 |     1 ||     3
       Scroll            |       |     1 |       ||     1
  Eat: Chunk             |     2 |     7 |     8 ||    17
Armor: Leather armour    |    25 |       |       ||    25
       Ring mail         |    11 |    71 |    30 ||   112
       Skin              |     5 |       |       ||     5
Dodge: Dodged            |    74 |    67 |    45 ||   186
       Rpst.: Falchion   |     6 |    22 |    14 ||    42
